 Dungeon Crawl Stone Soup version 0.13.0-21-ge43020b (webtiles) character file.

92 MDvedh the Cudgeler (level 4, 0/26 HPs)
             Began as a Gargoyle Skald on Oct 26, 2013.
             Hit by a dart thrown by Terence (5 damage)
             ... on Level 2 of the Dungeon.
             The game lasted 00:02:31 (1542 turns).

MDvedh the Cudgeler (Gargoyle Skald)                Turns: 1542, Time: 00:02:32

HP   0/26        AC  6     Str 17      XL: 4   Next:  7%
MP   8/8         EV 10     Int 12      God:
Gold 31          SH  0     Dex  9      Spells:  1 memorised,  6 levels left

Res.Fire  : . . .   See Invis. : .   a - +0 mace
Res.Cold  : . . .   Warding    : .   b - +0 leather armour
Life Prot.: + . .   Conserve   : .   (no shield)
Res.Poison: +       Res.Corr.  : .   (no helmet)
Res.Elec. : +       Clarity    : .   (no cloak)
Sust.Abil.: . .     Spirit.Shd : .   (no gloves)
Res.Mut.  : .       Stasis     : .   (no boots)
Res.Rott. : +       Flight     : .   (no amulet)
Saprovore : . . .                    (no ring)
                                     (no ring)

@: slightly resistant to hostile enchantments, very unstealthy
A: fangs 1, talons 2, life protection 1, electricity resistance, slow metabolism
1, unbreathing, petrification resistance, AC +3
a: no special abilities


You were on level 2 of the Dungeon.
You were hungry.

You visited 1 branch of the dungeon, and saw 2 of its levels.

You collected 11 gold pieces.

Inventory:

Hand weapons
 a - a +0,+0 mace (weapon)
Armour
 b - a +0 leather armour (worn)
Comestibles
 d - a bread ration
 f - a choko
 h - a meat ration
Scrolls
 g - a scroll of random uselessness {unknown}
 i - a scroll of teleportation {unknown}
 j - a scroll of fog {unknown}
 k - a scroll of identify {unknown}
Potions
 e - a potion of heal wounds {unknown}
Books
 c - a book of Battle

   Spells                             Type                      Level
   *Infusion                          Charms                       1
   Shroud of Golubria                 Charms/Translocation         2
   Song of Slaying                    Charms                       2
   Spectral Weapon                    Hexes/Charms                 3
   Regeneration                       Charms/Necromancy            3
   Song of Shielding                  Charms                       4


   Skills:
 - Level 2.1 Fighting
 + Level 4.6 Maces & Flails
 - Level 1.1 Armour
 - Level 0.7 Dodging
 - Level 2.0 Spellcasting
 - Level 2.6 Charms


You had 6 spell levels left.
You knew the following spells:

 Your Spells              Type           Power        Failure   Level  Hunger
a - Infusion              Chrm           #.....       12%         1    ##.....


Dungeon Overview and Level Annotations

Branches:
Dungeon (2/27)

Altars:

Annotations:
D:2 Terence


Innate Abilities, Weirdness & Mutations

You are resistant to torment.
You are immune to poison.
Your stone body is very resilient (AC +3).
You have very sharp teeth.
You have razor-sharp toenails.
You resist negative energy.
You are resistant to electric shocks.
You have a slow metabolism.
You can survive without breathing.
You are immune to petrification.


Message History

Unknown command.
You see here 17 darts.
Terence picks up 17 darts.
Terence throws a dart.
The dart hits you!
* * * LOW HITPOINT WARNING * * *
Terence throws a dart.
The dart hits you!
* * * LOW HITPOINT WARNING * * *
You are feeling hungry.
Terence throws a dart.
The dart hits you!
* * * LOW HITPOINT WARNING * * *
Terence throws a dart.
The dart hits you!
* * * LOW HITPOINT WARNING * * *
There is an open door here.
You see here a dart.
There's something blocking the doorway.
Terence throws a dart.
The dart hits you!
* * * LOW HITPOINT WARNING * * *
You see here a dart.
Terence throws a dart.
The dart hits you!
You die...

##.## #.#.......# #.# #.#
#.#.......# #.# #.# #.#.......#
#.# ##+## #.#.......# #.###
#...## #)#.......# #.#.##
.....###.#.......# #..#.##
......##.........# #.###.# ##
.%.....####...##########.#..####.
.......'........@..............'.
.......####...##########@...####.
#'####.# ##..### #.....# ##
.8.##..######...# #.....#####
..##........###.# #.....##.(.
.##..######<# #.# #....###.##
##......# #%# #.# #.#### #.#
+....##.###.# #.# #.######.##
##......g...# #.# #..........


You could see Terence.

Vanquished Creatures
  3 adders (D:2)
  A giant gecko (D:1)
  An ooze (D:1)
  4 bats
  4 giant cockroaches
  8 hobgoblins
  4 kobolds
  A giant newt (D:1)
  2 goblins (D:1)
28 creatures vanquished.

Notes
Turn   | Place    | Note
--------------------------------------------------------------
     0 | D:1      | MDvedh, the Gargoyle Skald, began the quest for the Orb.
     0 | D:1      | Reached XP level 1. HP: 12/12 MP: 3/3
   115 | D:1      | Reached XP level 2. HP: 16/16 MP: 5/5
   116 | D:1      | Reached skill level 3 in Maces & Flails
   734 | D:2      | Reached XP level 3. HP: 20/20 MP: 6/6
   825 | D:2      | Reached skill level 4 in Maces & Flails
  1276 | D:2      | Reached XP level 4. HP: 10/26 MP: 8/8
  1483 | D:2      | Noticed Terence
  1542 | D:2      | Hit by a dart thrown by Terence

Action                   |  1- 3 |  4- 6 || total
-------------------------+-------+-------++-------
Melee: Mace              |    96 |    14 ||   110
